 Dungeon Crawl Stone Soup version 0.29-a0-483-g69413ace17 (webtiles) character file.

Game seed: 17384995457814000309

252 purpskrrrp the Skirmisher (level 5, 0/72 HPs)
             Began as a Minotaur Berserker on May 26, 2022.
             Was a Believer of Trog.
             Slain by a gnoll
             ... wielding a +0 short sword
             ... led by a gnoll shaman
              (5 damage)
             ... on level 4 of the Dungeon.
             The game lasted 00:23:24 (3476 turns).

purpskrrrp the Skirmisher (Minotaur Berserker)      Turns: 3476, Time: 00:23:25

Health: 0/72       AC: 22    Str: 36    XL:     5   Next: 89%
Magic:  4/4        EV:  2    Int:  4    God:    Trog [**....]
Gold:   77         SH:  0    Dex:  9    Spells: 4/4 levels left

rFire   . . .      SeeInvis +   t - +0 halberd
rCold   . . .      Faith    .   (shield currently unavailable)
rNeg    . . .      Spirit   .   (body armour currently unavailable)
rPois   +          Reflect  .   (helmet currently unavailable)
rElec   .          Harm     .   (cloak currently unavailable)
rCorr   .          Rampage  .   (gloves currently unavailable)
Will    +++..      NoTele   +   (boots currently unavailable)
Stlth   +.........              (no amulet)
HPRegen 1.22/turn               r - +6 ring of strength
MPRegen 0.09/turn               s - +6 ring of strength

@: tree-form, strong-willed, regenerating
A: stationary, stasis, torment immunity, boosted hp, (horns 2), (retaliatory
headbutt), see invisible, strong-willed 1
a: Renounce Religion, Berserk, Trog's Hand


You were on level 4 of the Dungeon.
You worshipped Trog.
Trog was pleased with you.
You were a tree.
You visited 1 branch of the dungeon, and saw 4 of its levels.

You collected 97 gold pieces.
You spent 20 gold pieces at shops.

Inventory:

Hand Weapons
 a - a +0 hand axe
 o - a +0 flail
 t - a +0 halberd (weapon)
Missiles
 q - 3 boomerangs (quivered)
Armour
 f - a +0 ring mail (melded)
 k - a +0 scale mail
Magical Staves
 d - a staff of earth
 y - a staff of air
Jewellery
 r - a +6 ring of strength (left branch)
 s - a +6 ring of strength (right branch)
 u - a ring of poison resistance
Wands
 i - a wand of charming (7)
Scrolls
 b - a scroll of fear {unknown}
 j - a scroll of vulnerability {unknown}
 l - 3 scrolls of teleportation {unknown}
Potions
 c - a potion of degeneration
 e - a potion of attraction
 g - a potion of flight
 h - a potion of brilliance
 n - a potion of might
 p - 2 potions of haste
 w - a potion of ambrosia
 x - a potion of cancellation {unknown}


   Skills:
 + Level 5.0 Fighting
 + Level 4.8(5.2) Axes
 + Level 2.8(4.2) Polearms
 + Level 0.2 Throwing
 + Level 3.6 Armour
 + Level 3.2 Dodging
 + Level 0.9 Stealth


You had 4 spell levels left.
You didn't know any spells.
Your spell library contained the following spells:

 Spells                   Type           Power      Damage    Failure   Level
 Beastly Appendage        Tmut           0%         N/A       50%         1
 Sting                    Tmut/Pois      0%         1d3       50%         1
 Poisonous Vapours        Pois/Air       0%         N/A       65%         2
 Wereblood                Tmut           0%         N/A       65%         2
 Spider Form              Tmut/Pois      0%         N/A       86%         3
 Olgreb's Toxic Radiance  Pois           0%         N/A       99%         4


Dungeon Overview and Level Annotations

Branches:
Dungeon (4/15)
 Temple: D:4-7

Altars:

Shops:
D:1 *   D:2 *

Annotations:
D:3 2 runed translucent doors, jfcaron's ghost, weakling MiFi


Innate Abilities, Weirdness & Mutations

You are a tree.
Your roots penetrate the ground, keeping you stationary.
You cannot be teleported.
You are immune to unholy pain and torment.
Your maximum health is greatly increased.
Your equipment is partially melded.
((You have a pair of horns on your head.))
((You reflexively headbutt those who attack you in melee.))
You have supernaturally acute eyesight. (SInv)
You are strong-willed. (Will+)


Message History

The gnoll shaman is heavily wounded.
The gnoll shaman hits you with a +0 mace.
You slash the gnoll shaman!
The gnoll shaman is almost dead.
The gnoll shaman barely misses you. You furiously retaliate!
You headbutt the gnoll shaman!
You kill the gnoll shaman!
Trog accepts your kill.
Your Fighting skill increases to level 5!
You hit the gnoll.
The gnoll is heavily wounded.
The gnoll hits you with a +0 short sword!
The gnoll closely misses you.
You hit the gnoll. Your headbutt misses the gnoll.
The gnoll is almost dead.
The gnoll closely misses you. The gnoll barely misses you.
The gnoll hits you from afar with a +2 halberd of freezing!
* * * LOW HITPOINT WARNING * * *
The gnoll freezes you.
* * * LOW HITPOINT WARNING * * *
The gnoll hits you but does no damage. The gnoll closely misses you.
You turn into a tree.
Your +0 ring mail melds into your body.
Your roots penetrate the ground.
The gnoll hits you but does no damage.
The gnoll hits you from afar with a +2 halberd of freezing.
* * * LOW HITPOINT WARNING * * *
The gnoll freezes you.
* * * LOW HITPOINT WARNING * * *
The gnoll hits you but does no damage.
You closely miss the gnoll.
The gnoll is almost dead.
The gnoll hits you but does no damage.
The gnoll hits you from afar with a +2 halberd of freezing.
* * * LOW HITPOINT WARNING * * *
The gnoll freezes you.
* * * LOW HITPOINT WARNING * * *
The gnoll hits you but does no damage.
Your skin crawls.
You feel strong-willed.
The gnoll hits you with a +0 short sword.
You die...

#.# # #.# #. #.# . ##'#
#.# # ##...# #.# # #.>...#
#)## # .......## ##..#####
#
........###.#.....########
.((....gg♣................
.......g####........#####.
.......## ##.......# #.
#.....# #....)..# #.
##...# ###...### #. ##'#
#...# #. #. ##.## ##. #
#.# #.. #. #..


You could see 3 gnolls.

Vanquished Creatures
  A phantom (D:4)
  A hound (D:4)
  A gnoll shaman (D:4)
  An iguana (D:4)
  3 adders
  2 worms (D:3)
  2 dart slugs
  7 endoplasms
  5 giant cockroaches
  2 hobgoblins
  6 quokkas
  8 ball pythons
  9 bats
  2 frilled lizards
  6 goblins
  3 kobolds
  3 rats
62 creatures vanquished.

Notes
Turn   | Place    | Note
-------+----------+-------------------------------------------
     0 | D:1      | purpskrrrp the Minotaur Berserker began the quest for the
                  | Orb.
     0 | D:1      | Reached XP level 1. HP: 19/19 MP: 0/0
    70 | D:1      | Noticed a swamp worm
    70 | D:1      | Noticed a black bear
    71 | D:1      | Noticed a swamp drake
    71 | D:1      | Noticed a black mamba
   130 | D:1      | You fall into a shaft and drop 1 floor!
   426 | D:2      | Reached skill level 4 in Fighting
   426 | D:2      | Reached XP level 2. HP: 27/27 MP: 1/1
   579 | D:2      | Found Xeganlakk's Assorted Antiques.
   656 | D:2      | Reached XP level 3. HP: 17/34 MP: 2/2
   873 | D:2      | Found a faded altar of an unknown god.
  1218 | D:1      | Reached ** piety under Trog
  1642 | D:1      | Found Nauciomun's General Store.
  1661 | D:1      | Bought a scroll of identify for 20 gold pieces
  1677 | D:1      | Gained mutation: You have supernaturally acute eyesight.
                  | (SInv) [potion of mutation]
  1677 | D:1      | Gained mutation: You are strong-willed. (Will+) [potion of
                  | mutation]
  2283 | D:3      | Reached XP level 4. HP: 33/41 MP: 3/3
  2514 | D:3      | Found a runed translucent door.
  2560 | D:3      | Found a runed translucent door.
  2561 | D:3      | Noticed jfcaron's ghost (weakling MiFi)
  3144 | D:4      | Noticed a phantom
  3164 | D:4      | Killed a phantom
  3165 | D:4      | Reached skill level 1 in Polearms
  3165 | D:4      | Reached XP level 5. HP: 15/47 MP: 4/4
  3472 | D:4      | Reached skill level 5 in Fighting
  3475 | D:4      | HP: 3/72 [gnoll/+2 halberd of freezing[a gnoll shaman] (1)]
  3476 | D:4      | Slain by a gnoll

Illustrated notes

Levels and vault maps discovered:
D:1:      onia_arrival_zoo_common, layout_loops_cross, serial_shops, shop
D:2:      layout_basic, serial_shops, shop, nicolae_ecumenical_pavilion
D:3:      layout_loops_ring, ebering_ghost_sewer_f, minmay_starry_boxes
D:4:      layout_loops_corners, minivault_14

Skill      XL: |  1  2  3  4  5 |
---------------+----------------+-----
Axes           | 4 |  4.8
Fighting       | 4 5 |  5.0
Dodging        | 3 |  3.2
Polearms       | 1 2 |  2.8
Armour         | 3 |  3.6
Throwing       | |  0.2
Stealth        | |  0.9

Action                   |  1- 3 |  4- 6 || total
-------------------------+-------+-------++-------
Melee: Hand axe          |    74 |       ||    74
       Headbutt          |    10 |     4 ||    14
       Halberd           |     4 |    49 ||    53
       Punch             |     2 |       ||     2
Throw: Dart              |       |     6 ||     6
Invok: Trog's Hand       |       |     1 ||     1
  Use: Scroll            |     4 |     5 ||     9
       Potion            |     1 |     1 ||     2
 Stab: Sleeping          |     1 |       ||     1
Armor: Animal skin       |    10 |       ||    10
       Leather armour    |     4 |       ||     4
       Ring mail         |       |    16 ||    16
       Skin              |       |     4 ||     4
Dodge: Dodged            |    48 |    22 ||    70

Table legend: (Time is in decaauts)
 A = Elapsed time spent in this place.
 B = Non-inter-level travel time spent in this place.
 C = Inter-level travel time spent in this place.
 D = Time resting spent in this place.
 E = Time spent auto-exploring this place.
 F = Levels seen in this place.
 G = Mean time per level.
                   A        B        C        D        E       F      G
               +--------+--------+--------+--------+--------+-----+--------+
         Total |   3499 |   3392 |    107 |    632 |   2029 |   4 |  874.8 |
       Dungeon |   3499 |   3392 |    107 |    632 |   2029 |   4 |  874.8 |
               +--------+--------+--------+--------+--------+-----+--------+

Top non-repeatable levels by time:
     D:2: 1220 daAuts
     D:3: 953 daAuts
     D:1: 950 daAuts
     D:4: 375 daAuts
